 Dungeon Crawl Stone Soup version 0.30.1-5-ged363bc7ee (webtiles) character file.

Game seed: 3147867576527240874

31777 Ivernyr the Fighter (level 13, -6/115 HPs)
             Began as a Vine Stalker Monk on Sept 19, 2023.
             Was an Elder of Wu Jian.
             Mangled by a small abomination (8 damage)
             ... on level 5 of the Lair of Beasts.
             The game lasted 00:44:12 (14070 turns).

Ivernyr the Fighter (Vine Stalker Monk)            Turns: 14070, Time: 00:44:12

Health: -6/115     AC: 26    Str: 15    XL:     13   Next: 60%
Magic:  0/14       EV:  2    Int: 10    God:    Wu Jian [****..]
Gold:   691        SH:  0    Dex: 27    Spells: 12/12 levels left

rFire   . . .        a - +0 quarterstaff (flame)
rCold   . . .        (shield currently unavailable)
rNeg    . . .        b - melded +8 ring mail "Moriemil" {-Tele Regen+ Str+5 Stlth+}
rPois   +            y - melded +2 hat
rElec   +            P - melded +0 cloak
rCorr   .            d - melded +1 pair of gloves
SInv    .            B - melded +0 pair of boots
Will    +....        (no amulet)
Stlth   ++           Q - ring of Afud {Fly rElec rPois Dex+6}
HPRegen 0.00/turn    r - +5 ring of evasion
MPRegen 0.14/turn

%: guardian spirit
@: exhausted, tree-form, sick
A: stationary, stasis, torment immunity, boosted hp, (fangs 3), regeneration 1,
magic shield, (antimagic bite), no potion heal 2
a: Renounce Religion, Wall Jump, Serpent's Lash


You were on level 5 of the Lair of Beasts.
You worshipped Wu Jian.
Wu Jian was greatly pleased with you.
You were a tree.
You visited 2 branches of the dungeon, and saw 15 of its levels.
You also visited: Ossuary.

You collected 945 gold pieces.
You spent 254 gold pieces at shops.

Inventory:

Hand Weapons
 a - a +0 quarterstaff of flaming (weapon)
Armour
 b - the +8 ring mail "Moriemil" (melded) {-Tele Regen+ Str+5 Stlth+}
   (You found it on level 3 of the Dungeon)

   Str:       It affects your strength (+5).
   -Tele:     It prevents most forms of teleportation.
   Regen:     It increases your rate of health regeneration.
   Stlth:     It makes you more stealthy.
 d - a +1 pair of gloves (melded)
 y - a +2 hat (melded)
 B - a +0 pair of boots (melded)
 P - a +0 cloak (melded)
Jewellery
 h - a ring of protection from cold
 j - a ring of willpower
 q - a ring of protection from cold
 r - a +5 ring of evasion (right branch)
 Q - the ring of Afud (left branch) {Fly rElec rPois Dex+6}
   (You found it on level 9 of the Dungeon)

   [ring of dexterity]

   Dex:       It affects your dexterity (+6).
   rElec:     It insulates you from electricity.
   rPois:     It protects you from poison.
   Fly:       It grants you flight.
 S - a ring of protection from fire
Wands
 p - a wand of digging (10)
 E - a wand of paralysis (4)
 R - a wand of iceblast (2)
Scrolls
 e - 2 scrolls of magic mapping
 g - 4 scrolls of noise
 i - 13 scrolls of teleportation
 k - 5 scrolls of blinking
 n - a scroll of brand weapon
 s - 6 scrolls of amnesia
 t - 2 scrolls of fear
 u - 5 scrolls of immolation
 w - 3 scrolls of enchant armour {unknown}
 x - 3 scrolls of vulnerability
 A - a scroll of torment
 D - 3 scrolls of butterflies
 J - a scroll of enchant weapon {unknown}
 M - 4 scrolls of fog
 N - 2 scrolls of identify
Potions
 c - 2 potions of ambrosia
 f - 2 potions of lignification
 l - 6 potions of flight
 m - 4 potions of curing
 o - 2 potions of mutation {unknown}
 v - 2 potions of heal wounds {unknown}
 z - a potion of degeneration {unknown}
 C - 2 potions of attraction {unknown}
 F - 2 potions of magic {unknown}
 G - 2 potions of resistance {unknown}
 H - a potion of haste {unknown}
 I - a potion of berserk rage {unknown}
 K - a potion of brilliance {unknown}
 L - 3 potions of cancellation {unknown}
 O - a potion of invisibility {unknown}


   Skills:
 * Level 13.6 Fighting
 - Level 2.6(3.0) Polearms
 - Level 2.0(2.7) Staves
 + Level 8.6 Armour
 * Level 12.4 Dodging


You had 12 spell levels left.
You didn't know any spells.
Your spell library contained the following spells:

 Spells                   Type           Power      Damage    Failure   Level
 Beastly Appendage        Tmut           0%         N/A       36%         1
 Kiss of Death            Conj/Necr      0%         2d5       36%         1
 Necrotise                Necr           0%         1d4       36%         1
 Poisonous Vapours        Pois/Air       0%         N/A       50%         2
 Wereblood                Tmut           0%         N/A       50%         2
 Confusing Touch          Hex            0%         N/A       75%         3
 Mephitic Cloud           Conj/Pois/Air  0%         N/A       75%         3
 Spider Form              Tmut/Pois      0%         N/A       75%         3
 Summon Guardian Golem    Hex/Summ       0%         N/A       75%         3
 Vampiric Draining        Necr           0%         2d6       75%         3
 Volatile Blastmotes      Fire/Tloc      0%         2d10      75%         3
 Animate Armour           Summ/Erth      0%         N/A       98%         4
 Dispel Undead            Necr           0%         3d6       98%         4
 Fulminant Prism          Conj/Hex       0%         3d5       98%         4
 Iskenderun's Mystic Bla  Conj/Tloc      0%         2d3       98%         4
 Agony                    Necr           0%         N/A       100%        5
 Blade Hands              Tmut           0%         N/A       100%        5
 Freezing Cloud           Conj/Ice/Air   0%         6-21      100%        5
 Lee's Rapid Deconstruct  Erth           0%         3d4*      100%        5
 Iron Shot                Conj/Erth      0%         9d1       100%        6
 Orb of Destruction       Conj           0%         9d5       100%        7
 Spellforged Servitor     Conj/Summ      0%         N/A       100%        7


Dungeon Overview and Level Annotations

Branches:
Dungeon (10/15)            Temple (0/1) D:7            Lair (5/5) D:10
 Shoals (0/4) Lair:3        Snake (0/4) Lair:2        Slime (0/5) Lair:4
    Orc (0/2) D:10        Ossuary (visited)

Altars:
Ashenzari
Cheibriados
Elyvilon
Gozag
Hepliaklqana
Makhleb
Nemelex Xobeh
Okawaru
Qazlal
Ru
Trog
Uskayaw
Vehumet
Wu Jian
Yredelemnul
Jiyva

Shops:
D:6 (   D:7 (   D:10 ?[

Annotations:
D:4 3 runed translucent doors, jaiteiro's ghost, amateur MiFi
D:8 4 transporters


Innate Abilities, Weirdness & Mutations

You are a tree.
Your roots penetrate the ground, keeping you stationary.
You cannot be teleported.
You are immune to unholy pain and torment.
Your maximum health is greatly increased.
Your equipment is partially melded.
((You have razor-sharp teeth.))
Your natural rate of healing is unusually fast.
When hurt, damage is shared between your health and your magic reserves.
((Your bite disrupts and absorbs the magic of your enemies.))
Potions cannot restore your health.


Message History

There is nothing to wall jump against here.
You hit the thrashing horror.
The thrashing horror is lightly damaged.
The thrashing horror misses you.
The thrashing horror completely misses you.
Unknown command.
You lunge at the thrashing horror.
You hit the thrashing horror but do no damage.
Your bite misses the thrashing horror.
The thrashing horror closely misses you.
The thrashing horror tramples you but does no damage.
The thrashing horror completely misses you.
The thrashing horror misses you.
The thrashing horror completely misses you. x2
The thrashing horror misses you.
The thrashing horror completely misses you.
You barely miss the small abomination.
You bite the small abomination, but do no damage.
The thrashing horror barely misses you.
The thrashing horror completely misses you.
The small abomination hits you!
* * * LOW HITPOINT WARNING * * *
The small abomination completely misses you.
It was a potion of flight.
You feel more buoyant. The thrashing horror barely misses you.
The thrashing horror completely misses you.
The small abomination completely misses you.
Really quaff the potion of lignification?
You turn into a tree.
Your +0 cloak melds into your body.
Your +2 hat melds into your body.
Your +1 pair of gloves melds into your body.
Your +0 pair of boots melds into your body.
The +8 ring mail "Moriemil" {-Tele Regen+ Str+5 Stlth+} melds into your body.
Your roots penetrate the ground.
The thrashing horror tramples you but does no damage. x2
The small abomination hits you but does no damage. x2
You hit the red ugly thing but do no damage.
The small abomination hits you!
You die...

♣♣♣♣♣♣♣♣♣ ♣♣♣.......♣♣♣
♣♣.....♣♣....♣♣
♣♣.Xx.♣♣♣♣♣♣.X.♣♣♣♣
♣♣...♣..♣ ♣♣ux.[.♣
♣♣...♣♣).♣♣ ♣♣♣...♣♣#
♣..u♣♣♣...♣ ♣.♣.....♣♣#
♣...♣♣♣...♣♣♣♣♣♣♣♣♣..†..##
♣♣x..♣♣♣.[.♣.♣ ♣♣♣....#
♣...♣ ♣♣.†..♣♣ ♣###.##
♣.u.♣ ♣.....♣ #P..# ♣♣.x.♣
♣♣♣♣..♣ ♣♣P..## ♣....♣♣
♣♣..♣ #.....#### ♣♣..xX♣
♣♣...♣ ##....#...


You could see a red ugly thing, a thrashing horror and a small abomination.

Vanquished Creatures
  2 hydras (Lair:4)
  A two-headed ogre (D:9)
  2 skysharks
  A salamander (Lair:2)
  A manticore (D:8)
  3 elephants (Lair:1)
  3 black mambas
  Joseph (D:9)
  9 cane toads
  A rime drake (Lair:4)
  3 komodo dragons
  A polar bear (Lair:4)
  An ancient zyme (Lair:5)
  12 blink frogs
  Prince Ribbit (D:7)
  12 dream sheep (Lair:5)
  38 yaks
  7 basilisks
  2 wyverns
  2 fire bats (Lair:2)
  3 steam dragons
  2 vampire mosquitoes (D:10)
  13 water moccasins
  An ice beast (shapeshifter) (Lair:5)
  2 ice beasts (D:6)
  5 orc warriors
  27 wolves
  3 ogres
  2 phantoms
  4 centaurs
  6 kobold brigands
  Blork the orc (D:6)
  3 gnoll sergeants
  16 bullfrogs
  2 scorpions (D:5)
  A wyvern zombie (Ossuary)
  A water moccasin zombie (Ossuary)
  7 killer bees
  3 howler monkeys
  4 electric eels
  A crimson imp (D:4)
  4 centaur zombies (Ossuary)
  7 bullfrog zombies (Ossuary)
  9 orc priests
  5 jellies
  3 iguanas
  8 orc wizards
  7 hell rats (Lair:3)
  3 killer bee zombies (Ossuary)
  4 small abominations (Lair:5)
  16 mummies
  2 howler monkey zombies (Ossuary)
  14 gnolls
  7 adders
  A white imp (D:5)
  3 worms
  2 dart slugs
  40 orcs
  12 ball pythons
  5 endoplasms
  7 giant cockroaches
  5 hobgoblins
  28 kobolds
  11 quokkas
  7 bats
  8 frilled lizards
  10 goblins
  A goblin zombie (D:8)
  A kobold zombie (D:8)
  2 rats
442 creatures vanquished.

Notes
Turn   | Place    | Note
-------+----------+-------------------------------------------
     0 | D:1      | Ivernyr the Vine Stalker Monk began the quest for the Orb.
     0 | D:1      | Reached XP level 1. HP: 11/11 MP: 2/2
    70 | D:1      | Reached XP level 2. HP: 12/16 MP: 3/3
   184 | D:1      | Reached skill level 3 in Fighting
   653 | D:1      | Reached XP level 3. HP: 17/20 MP: 2/4
  1234 | D:2      | Reached skill level 1 in Armour
  1556 | D:2      | Gained mutation: Your natural rate of healing is unusually
                  | fast. [Vine Stalker growth]
  1556 | D:2      | Reached XP level 4. HP: 18/24 MP: 3/5
  1961 | D:3      | Found a sacrificial altar of Ru.
  2150 | D:3      | Found an opulent altar of Gozag.
  2152 | D:3      | Found a hide-covered altar of Uskayaw.
  2297 | D:3      | Reached XP level 5. HP: 29/29 MP: 6/6
  2344 | D:3      | Found a hazy altar of Hepliaklqana.
  2442 | D:3      | Identified the +8 ring mail "Moriemil" {-Tele Regen+ Str+5
                  | Stlth+}
  3017 | D:4      | Found a runed translucent gate.
  3018 | D:4      | Found a runed translucent gate.
  3019 | D:4      | Found a runed translucent gate.
  3115 | D:4      | Reached skill level 4 in Fighting
  3166 | D:4      | Noticed jaiteiro's ghost (amateur MiFi)
  3243 | D:4      | Noticed an ogre
  3251 | D:4      | Killed an ogre
  3252 | D:4      | Reached XP level 6. HP: 25/34 MP: 5/7
  3429 | D:4      | Found a burning altar of Makhleb.
  3430 | D:4      | Found a radiant altar of Vehumet.
  3437 | D:4      | Reached XP level 7. HP: 38/38 MP: 8/8
  3488 | D:5      | Entered Level 5 of the Dungeon
  3644 | D:5      | Reached skill level 5 in Fighting
  3799 | D:5      | HP: 1/39 [poisoned by a gnoll sergeant]
  3928 | D:5      | Reached skill level 5 in Dodging
  4135 | D:5      | Gained mutation: You have razor-sharp teeth. [Vine Stalker
                  | growth]
  4135 | D:5      | Reached XP level 8. HP: 44/44 MP: 9/9
  4159 | D:5      | Reached skill level 6 in Fighting
  4358 | D:6      | Found a snail-covered altar of Cheibriados.
  4360 | D:6      | Found a stormy altar of Qazlal.
  4374 | D:6      | Found a sparkling altar of Nemelex Xobeh.
  4374 | D:6      | Found an iron altar of Okawaru.
  4398 | D:6      | Noticed Blork the orc
  4404 | D:6      | Killed Blork the orc
  4475 | D:6      | Found Xoilofud's Weapon Shop.
  4941 | D:6      | Reached skill level 7 in Fighting
  4941 | D:6      | Reached XP level 9. HP: 48/50 MP: 8/10
  4997 | D:6      | Found an ornate altar of the Wu Jian Council.
  5023 | D:6      | Found a bloodstained altar of Trog.
  5045 | D:6      | Became a worshipper of the Wu Jian Council
  5045 | D:6      | Reached * piety under Wu Jian
  5045 | D:6      | Reached ** piety under Wu Jian
  5664 | D:7      | Noticed Prince Ribbit
  5673 | D:7      | Killed Prince Ribbit
  5975 | D:7      | Found a basalt altar of Yredelemnul.
  6099 | D:7      | Found a staircase to the Ecumenical Temple.
  6275 | D:7      | Reached skill level 8 in Fighting
  6399 | D:7      | Found Ehifruem's Weapon Emporium.
  6442 | D:7      | Found a white marble altar of Elyvilon.
  6711 | D:8      | Found a sand-covered staircase.
  6719 | Ossuary  | Entered an ossuary
  6858 | Ossuary  | Reached *** piety under Wu Jian
  6871 | Ossuary  | Reached skill level 5 in Armour
  6879 | Ossuary  | Reached XP level 10. HP: 57/57 MP: 11/11
  7113 | D:8      | Found a transporter.
  7115 | D:8      | Found a transporter.
  7117 | D:8      | Found a transporter.
  7169 | D:8      | Found a broken altar of Ashenzari.
  7309 | D:8      | Noticed a manticore
  7317 | D:8      | Killed a manticore
  7318 | D:8      | Reached skill level 9 in Fighting
  7396 | D:8      | Found a transporter.
  8041 | D:9      | Noticed a two-headed ogre
  8051 | D:9      | Killed a two-headed ogre
  8218 | D:9      | Noticed Joseph
  8236 | D:9      | Killed Joseph
  8245 | D:9      | Reached skill level 10 in Fighting
  8245 | D:9      | Reached XP level 11. HP: 63/63 MP: 12/12
  8415 | D:9      | Reached **** piety under Wu Jian
  8452 | D:9      | Identified the ring of Afud {Fly rElec rPois Dex+6}
  8718 | D:9      | Reached skill level 1 in Staves
  8925 | D:10     | Entered Level 10 of the Dungeon
  8932 | D:10     | Found a staircase to the Lair.
  8935 | D:10     | Found Nesuegg's Magic Scroll Shoppe.
  8942 | D:10     | Bought a scroll of blinking for 112 gold pieces
  8942 | D:10     | Bought a scroll of blinking for 112 gold pieces
  8942 | D:10     | Bought a scroll of identify for 30 gold pieces
  9470 | D:10     | Found a staircase to the Orcish Mines.
  9786 | D:10     | Found Patel's Armour Emporium.
  9901 | Lair:1   | Entered Level 1 of the Lair of Beasts
  9940 | Lair:1   | Reached skill level 11 in Fighting
 10028 | Lair:1   | Reached skill level 10 in Dodging
 10430 | Lair:1   | Found a burning altar of Makhleb.
 10466 | Lair:1   | Reached XP level 12. HP: 70/70 MP: 13/13
 10811 | Lair:2   | Found a staircase to the Snake Pit.
 11090 | Lair:2   | Reached ***** piety under Wu Jian
 11109 | Lair:2   | Reached skill level 12 in Fighting
 11420 | Lair:2   | Noticed a skyshark
 11438 | Lair:2   | Killed a skyshark
 12324 | Lair:3   | Found a staircase to the Shoals.
 12327 | Lair:3   | Noticed a skyshark
 12359 | Lair:3   | Killed a skyshark
 12737 | Lair:4   | Reached XP level 13. HP: 76/76 MP: 14/14
 12809 | Lair:4   | Reached skill level 13 in Fighting
 12967 | Lair:4   | Found a viscous altar of Jiyva.
 12969 | Lair:4   | Found a staircase to the Slime Pits.
 13565 | Lair:5   | Entered Level 5 of the Lair of Beasts
 14064 | Lair:5   | HP: 3/77 [thrashing horror (2)]
 14067 | Lair:5   | HP: 1/77 [small abomination (2)]
 14070 | Lair:5   | Mangled by a small abomination

Illustrated notes

Levels and vault maps discovered:
D:1:      co_arrival_square_in_a_square_in_a_square, layout_loops_corners
D:2:      layout_loops_corners
D:3:      layout_basic, mainiacjoe_overflow_paths,
          mainiacjoe_overflow_large_starburst, nicolae_hepliaklqana_hippocampus
D:4:      layout_cave_pools, grunt_temple_overflow_lords_of_destruction,
          ebering_ghost_rock_garden, serial_bayou_pond_b
D:5:      layout_basic, palyth_stone_intersect
D:6:      layout_loops_ring, nicolae_overflow_quartered_altars,
          mainiacjoe_overflow_catch_the_wave, serial_shops,
          nicolae_shop_bloodbath_and_beyond, minmay_crystal_water,
          lightli_minifort, uniq_blork_the_orc
D:7:      layout_basic, nicolae_overflow_hidden_temple,
          yredelemnul_altar_generic, temple_green, serial_shops,
          kennysheep_little_box, uniq_prince_ribbit1
D:8:      layout_basic, cheibrodos_ashenzari_chains, nicolae_ossuary_entry_giza,
          nicolae_diode_intersection
D:9:      layout_cave_pods, uniq_joseph
D:10:     layout_gridville, lair_entry_dummy, orc_0_dummy, serial_shops, shop,
          shop, minmay_fractal_squares_gapless_5
Lair:1:   layout_cave_pods, basic_altar, grunt_megastairs_3
Lair:2:   layout_gridlike, dummy_snake_entry
Lair:3:   layout_chaotic_city, minmay_shoals_entry_centaurs, lemuel_fruit_tree,
          serial_bayou_shore_a
Lair:4:   layout_regular_city, nicolae_slime_entry_field_trip,
          infiniplex_staircase_pool
Lair:5:   hellmonk_lair_end_abyssal_woods, layout_loops_ring,
          serial_bayou_shore_b

Skill      XL: |  1  2  3  4  5  6  7  8  9 10 11 12 13 |
---------------+----------------------------------------+-----
Fighting       | 3 4 5 7 8 10 11 12 13 | 13.6
Dodging        | 3 4 5 6 7 9 10 11 12 | 12.4
Armour         | 1 2 3 4 5 6 7 8 |  8.6
Staves         | 2 |  2.0
Polearms       | |  2.6

Action                     |  1- 3 |  4- 6 |  7- 9 | 10-12 | 13-15 || total
---------------------------+-------+-------+-------+-------+-------++-------
  Melee: Spear             |   113 |   131 |   220 |       |       ||   464
         Bite              |    35 |    47 |   168 |   417 |   106 ||   773
         Trident           |       |       |   124 |   156 |       ||   280
         Quarterstaff      |       |       |       |  1055 |   281 ||  1336
 Invoke: Serpent's Lash    |       |       |       |     6 |     3 ||     9
         Heavenly Storm    |       |       |       |       |     1 ||     1
Ability: Whirlwind         |       |       |    47 |   749 |   174 ||   970
         Lunge             |       |       |     7 |    41 |     6 ||    54
         Wall Jump         |       |       |       |     2 |     2 ||     4
    Use: Potion            |       |       |     1 |       |     2 ||     3
         Scroll            |       |       |       |    13 |     1 ||    14
   Stab: Sleeping          |       |     1 |     1 |    12 |     2 ||    16
         Distracted        |       |     1 |       |     1 |       ||     2
 Armour: Robe              |    17 |     6 |       |       |       ||    23
         Ring mail         |       |    17 |    98 |   328 |    85 ||   528
         Skin              |       |       |       |       |     4 ||     4
  Dodge: Dodged            |    80 |   111 |   321 |  1754 |   432 ||  2698
